 Dungeon Sprint DCSS version 0.29.1-15-g9cfb28693d (webtiles) character file.

Game seed: 4062622236784279063

0 Ast3rio the Grave Robber (level 1, -1/10 HPs)
             Began as a Deep Elf Necromancer on Mar 15, 2023.
             Was an Initiate of Gozag.
             Slain by a ball python (3 damage)
             ... in the Dungeon (Sprint VI: "Thunderdome").
             The game lasted 00:00:26 (42 turns).

Ast3rio the Grave Robber (Deep Elf Necromancer)       Turns: 42, Time: 00:00:26

Health: -1/10      AC:  2    Str:  5    XL:     1   Next: 16%
Magic:  6/6        EV:  9    Int: 19    God:    Gozag
Gold:   200        SH:  0    Dex: 15    Spells: 5/6 levels left

rFire   . . .      SeeInvis .   (no weapon)
rCold   . . .      Faith    .   (no shield)
rNeg    . . .      Spirit   .   a - +0 robe
rPois   .          Reflect  .   (no helmet)
rElec   .          Harm     .   (no cloak)
rCorr   .          Rampage  .   (no gloves)
Will    .....      NoTele   +   (no boots)
Stlth   ++........              (no amulet)
HPRegen 0.03/turn               (no ring)
MPRegen 0.10/turn               (no ring)

@: constricted
A: no striking features
a: Renounce Religion, Potion Petition, Call Merchant, Bribe Branch


You were in the Dungeon.
You worshipped Gozag.
Gozag was aware of your devotion.
You visited 1 branch You collected 200 gold pieces.

Inventory:

Armour
 a - a +0 robe (worn)
Wands
 i - a wand of light (5)
 j - a wand of iceblast (5)
Scrolls
 g - 4 scrolls of blinking
 k - 3 scrolls of butterflies
Potions
 b - 3 potions of magic
 c - a potion of curing
 d - 4 potions of heal wounds
 e - 4 potions of haste
 f - a potion of berserk rage
 h - a potion of resistance


   Skills:
 + Level 2.5 Dodging
 + Level 2.5 Stealth
 + Level 3.0 Spellcasting
 + Level 5.4 Necromancy


You had 5 spell levels left.
You knew the following spells:

 Your Spells              Type           Power      Damage    Failure   Level
a - Necrotise             Necr           92%        1d8       1%          1

Your spell library contained the following spells:

 Spells                   Type           Power      Damage    Failure   Level
 Vampiric Draining        Necr           23%        2d7       4%          3
 Agony                    Necr           23%        N/A       41%         5
 Animate Dead             Necr           Unusable   N/A       N/A         4

Dungeon Overview and Level Annotations

Branches:
Dungeon (1/1)

Altars:
Gozag
Okawaru
Trog
Vehumet
Wu Jian
Xom
Yredelemnul
Zin
The Shining One

Shops:
D *[??(


Message History

The ball python closely misses you. The ball python constricts you.
You hit the ball python but do no damage.
The ball python is severely wounded.
The ball python bites you but does no damage.
The ball python constricts you.
You barely miss the ball python.
The ball python is severely wounded.
The ball python closely misses you. The ball python constricts you.
You hit the ball python.
You kill the ball python!
Your Necromancy skill increases to level 5!
There is an ornate altar of the Wu Jian Council here.
You see here a ball python corpse.
There is an opulent altar of Gozag here.
There is a radiant altar of Vehumet here.
There is a radiant altar of Vehumet here.
There is an opulent altar of Gozag here.
You kneel at the altar of Gozag.
Gozag welcomes you!
Gozag waives the service fee.
Found Xaleiguo's Identification Station.
Found a shimmering altar of Xom and an iron altar of Okawaru.
Okay, then.
A ball python comes into view.
You are too injured to fight recklessly!
You are too injured to fight recklessly!
You closely miss the ball python. The ball python barely misses you. x2
You hit the ball python but do no damage.
The ball python closely misses you. The ball python grabs you.
The ball python constricts you.
You hit the ball python.
The ball python is moderately wounded.
The ball python bites you.
* * * LOW HITPOINT WARNING * * *
The ball python constricts you.
You closely miss the ball python.
The ball python is moderately wounded.
The ball python bites you.
You die...
Your body crumbles into a pile of gold.

#........_ #_......._
#_........
###.........
#⌠..........
######.8.........
##.___......# ..
###∩........8.# .8.
#..@..........###...
#§..S.......###...#
#⌠..........# #.<.#
#⌠..........# #...#
##.............###...
###∩........8. .8.
##∩.__...... ...
######.8... .. #⌠....
..


You could see a ball python.

Vanquished Creatures
  A ball python (D)
1 creature vanquished.

Notes
Turn   | Place    | Note
-------+----------+-------------------------------------------
     0 | D        | Ast3rio the Deep Elf Necromancer began the quest for the
                  | Orb.
     0 | D        | Reached XP level 1. HP: 10/10 MP: 6/6
     1 | D        | Found an ornate altar of the Wu Jian Council.
     1 | D        | Found a bloodstained altar of Trog.
     5 | D        | Round 1.
     7 | D        | Found an opulent altar of Gozag.
     7 | D        | Found a glowing golden altar of the Shining One.
     8 | D        | Found a basalt altar of Yredelemnul.
     9 | D        | Found a glowing silver altar of Zin.
     9 | D        | Found Xaopsott's Magic Scroll Shop.
     9 | D        | Found Itul's Staff Store.
    10 | D        | Found a radiant altar of Vehumet.
    12 | D        | Found Myank's Jewellery.
    12 | D        | Found Sasio's Advanced Armour.
    24 | D        | Reached skill level 5 in Necromancy
    30 | D        | Became a worshipper of Gozag Ym Sagoz the Greedy
    31 | D        | Found a shimmering altar of Xom.
    31 | D        | Found an iron altar of Okawaru.
    31 | D        | Found Xaleiguo's Identification Station.
    42 | D        | Slain by a ball python

Illustrated notes

Levels and vault maps discovered:
D:        arena_sprint

Skill      XL: |  1 |
---------------+----+-----
Necromancy     | 5 |  5.4
Dodging        | |  2.5
Stealth        | |  2.5
Spellcasting   | |  3.0

Action                   || total
-------------------------++-------
Melee: Unarmed           ||    13
Armor: Robe              ||     3
Dodge: Dodged            ||     6
